Cogmind - Beta 9.6 @@@ ROGUE MODE // 2020.09.03 @ 16:47:07 Player: Vectis Result: Destroyed by G-34 Mercenary with Small Laser Performance ------------- Evolutions (0) 0 Regions Visited (4) 800 Robots Destroyed (42) 210 Value Destroyed (894) 894 Prototype IDs (22) 440 Alien Tech Used (0) 0 Bonus (339) 339 TOTAL SCORE: 2683 Bonus ------- Follower Combat Kills 39 Aligned with FarCom 300 Cogmind --------- Core Integrity 0/250 Matter 300/300 Energy 250/250 System Corruption 1% Temperature Cool (6) Movement Core (650) Ox12 Location -9/Mines Parts ------- > --- POWER (1) -------- Ion Engine > --- PROPULSION (2) --- (None) > --- UTILITY (2) ------ Large Storage Unit Large Storage Unit > --- WEAPON (2) ------- Mining Claw > --- INVENTORY (16) --- Ion Engine Light Ion Engine Light Treads Light Treads High-capacity Matter Pod (200) High-capacity Matter Pod (200) High-capacity Matter Pod (200) Trap Reconfigurator Light Assault Rifle Light Assault Rifle Light Assault Rifle Light Assault Rifle AWS/Autocannon Grenade Launcher Peak State ------------ > --- POWER ------------ Ion Engine > --- PROPULSION ------- Light Treads Light Treads > --- UTILITY ---------- Large Storage Unit Large Storage Unit > --- WEAPON ----------- Particle Gun Assault Rifle > --- INVENTORY -------- Light Ion Engine Light Treads Light Treads High-capacity Matter Pod High-capacity Matter Pod High-capacity Matter Pod Trap Reconfigurator Light Assault Rifle Light Assault Rifle Light Assault Rifle Light Assault Rifle AWS/Autocannon Grenade Launcher Mining Claw [Rating: 13] Favorites ----------- Power Ion Engine Engine Ion Engine Propulsion Aluminum Leg Treads Light Treads Leg Aluminum Leg Utility Large Storage Unit Storage Large Storage Unit Weapon Small Laser Energy Gun Small Laser Ballistic Gun Assault Rifle Launcher Grenade Launcher Slashing Weapon Mining Claw Build | -11 -10 -10 -10 -9 ------- Run | Scr Mat Min Exi Min Slots Evolved . | . . . . . Power . | . . . . . Propulsion . | . . . . . Utility . | . . . . . Weapon . | . . . . . Parts Attached 29 | . 18 . 4 7 Power 1 | . 1 . . . Engine 1 | . 1 . . . Core . | . . . . . Reactor . | . . . . . Propulsion 6 | . 4 . 2 . Treads 2 | . . . 2 . Leg 4 | . 4 . . . Wheel . | . . . . . Hover . | . . . . . Flight . | . . . . . Utility 7 | . 6 . 1 . Device . | . . . . . Storage 7 | . 6 . 1 . Processor . | . . . . . Hackware . | . . . . . Protection . | . . . . . Artifact . | . . . . . Weapon 15 | . 7 . 1 7 Energy Gun 4 | . 2 . 1 1 Energy Cannon . | . . . . . Ballistic Gun 7 | . 3 . . 4 Ballistic Cannon . | . . . . . Launcher 3 | . 2 . . 1 Special Weapon . | . . . . . Impact Weapon . | . . . . . Slashing Weapon 1 | . . . . 1 Piercing Weapon . | . . . . . Special Melee Weapon . | . . . . . Unidentified Prototypes . | . . . . . Parts Lost 8 | . 3 . . 5 Power 1 | . 1 . . . Propulsion 2 | . . . . 2 Utility . | . . . . . Weapon 5 | . 2 . . 3 Highest Loss Streak 2 | . 2 . . 2 Average Slot Usage (%) 98 | . 98 100 99 98 Engine 13 | . 13 14 14 14 Treads 11 | . . . 7 27 Leg 15 | . 27 28 21 . Storage 27 | . 27 28 28 28 Energy Gun 11 | . 18 14 13 3 Ballistic Gun 15 | . 8 14 14 21 Naked Turns . | . . . . . Heaviest Build 42 | 9 40 40 40 42 Greatest Support 40 | 20 20 20 40 40 Greatest Overweight (x) 1 | . 1 1 1 1 Average Overweight (x) . | . . 1 . . Largest Inventory Capacity 16 | 6 16 16 16 16 Average Capacity 14 | 6 11 16 16 16 Most Carried 16 | 6 14 16 16 16 Average Carried 13 | 6 9 15 15 15 Final Capacity 16 | 6 16 16 16 16 Final Carried 16 | 6 14 16 16 16 Class Distribution -------------------- 98% | Mutant Dominant Class ---------------- Mutant | -10/Materials Mutant | -10/Mines Mutant | -10/Exiles Mutant | -9/Mines Resources | -11 -10 -10 -10 -9 ----------- Run | Scr Mat Min Exi Min Matter Collected 792 | 200 307 43 57 185 Remotely . | . . . . . Salvage Created 1259 | 53 666 43 . 497 Parts 84 | 1 49 8 . 26 Haulers Intercepted 2 | . 2 . . . Recyclers Shooed . | . . . . . Parts Field Recycled . | . . . . . Retrieved Matter . | . . . . . Parts Self-Destructed . | . . . . . Prevented . | . . . . . Kills | -11 -10 -10 -10 -9 ------- Run | Scr Mat Min Exi Min Combat Hostiles Destroyed 31 | . 14 3 . 14 Melee 6 | . . . . 6 Guns 17 | . 8 3 . 6 AOE 8 | . 6 . . 2 Classes Destroyed 9 | 1 7 . . 1 Worker 3 | . 3 . . . Tunneler 2 | . 1 . . 1 Hauler 2 | . 2 . . . Recycler 2 | 1 1 . . . Operator 1 | . 1 . . . Watcher 1 | . 1 . . . Swarmer 10 | . 6 3 . 1 Grunt 20 | . 8 . . 12 Assembled 1 | . . . . 1 Best Kill Streak 6 | 1 5 3 . 6 Combat Bots Only 6 | . 3 3 . 6 Max Kills in Single Turn 4 | 1 4 1 . 1 Gunslinging . | . . . . . Exploded 3 | . 3 . . 1 Melee 1 | . . . . 1 Uniques/NPCs Destroyed . | . . . . . Combat | -11 -10 -10 -10 -9 -------- Run | Scr Mat Min Exi Min Damage Taken 1258 | . 453 40 . 765 Core 255 | . 75 10 . 170 Absorbed by Shields . | . . . . . Core Remaining (%) 100 | 100 . . . . Volleys Fired 80 | 1 44 3 . 32 Largest 2 | 2 2 2 . 2 Hottest 80 | 80 80 60 . 70 Shots Fired 152 | 2 84 6 . 60 Gun 147 | 2 81 6 . 58 Cannon . | . . . . . Launcher 5 | . 3 . . 2 Special . | . . . . . Kinetic 74 | . 18 3 . 53 Thermal 73 | 2 63 3 . 5 Explosive 5 | . 3 . . 2 Electromagnetic . | . . . . . Robot Hit Streak 16 | 2 15 2 . 16 Robot Miss Streak 4 | . 4 1 . 2 Penetration Max . | . . . . . Secondary Targets 3 | . 1 1 . 1 Max Gunslinging Chain 1 | . 1 1 . 1 Shots Hit Robots 120 | 2 55 3 . 60 Core Hits 68 | 2 37 3 . 26 Critical Hits 2 | . 1 . . 1 Critical Kills . | . . . . . Critical Parts Destroyed 2 | . 1 . . 1 Melee Attacks 22 | . . . . 22 Impact . | . . . . . Slashing 22 | . . . . 22 Piercing . | . . . . . Sneak Attacks . | . . . . . Combat Hostiles . | . . . . . Follow-up Attacks . | . . . . . Damage Inflicted 2089 | 22 1108 43 . 916 Guns 1132 | 22 643 43 . 424 Cannons . | . . . . . Explosions 629 | . 465 . . 164 Melee 328 | . . . . 328 Ramming . | . . . . . Kinetic 546 | . 147 10 . 389 Thermal 586 | 22 496 33 . 35 Explosive 629 | . 465 . . 164 Electromagnetic . | . . . . . Impact . | . . . . . Slashing 328 | . . . . 328 Piercing . | . . . . . Highest Corruption 1 | . 1 1 1 1 Average Corruption 1 | . 1 1 1 1 Corruption Purged . | . . . . . Effects 9 | . . . 1 8 Message Errors 4 | . . . 1 3 Energy Discharges 3 | . . . . 3 Data Loss (minor) 1 | . . . . 1 Targeting Errors 1 | . . . . 1 Overload Shots . | . . . . . Overflow Damage 30 | . 30 . . . Projectiles . | . . . . . Explosions 30 | . 30 . . . Melee . | . . . . . Knockbacks . | . . . . . Impact . | . . . . . Kinetic . | . . . . . Secondary . | . . . . . Self-Inflicted Damage . | . . . . . Shots . | . . . . . Rammed . | . . . . . Targets Rammed . | . . . . . Kicked . | . . . . . Crushed . | . . . . . Highest Temperature 210 | 18 210 . . 32 Average Temperature 45 | 12 60 . . 12 Received Heat Transfer 561 | . 147 . . 414 Siege Activations . | . . . . . Robots Corrupted . | . . . . . Combat Hostiles . | . . . . . Parts Fried . | . . . . . Impact Corruptions . | . . . . . Robots Melted . | . . . . . Combat Hostiles . | . . . . . Parts Melted 3 | . 3 . . . Heat Transferred 1350 | 50 1150 75 . 75 Parts Sabotaged . | . . . . . Parts Stolen . | . . . . . Parts Stripped . | . . . . . Power Chain Reactions . | . . . . . Missiles Intercepted . | . . . . . Alert | -11 -10 -10 -10 -9 ------- Run | Scr Mat Min Exi Min Peak Influence 230 | 5 230 131 . 165 Average Influence 68 | 5 91 129 . 40 Maximum Alert Level 1 | . 1 . . . Low Security (%) 98 | 100 96 100 . 100 Level 1 1 | . 3 . . . Level 2 . | . . . . . Level 3 . | . . . . . Level 4 . | . . . . . Level 5 . | . . . . . High Security . | . . . . . Max Security . | . . . . . Squads Dispatched 4 | . 4 . . . Investigation 2 | . 2 . . . Extermination . | . . . . . Reinforcement 2 | . 2 . . . Assault . | . . . . . Garrison . | . . . . . Intercept . | . . . . . Construction Impeded . | . . . . . Haulers Reinforced . | . . . . . Stealth | -11 -10 -10 -10 -9 --------- Run | Scr Mat Min Exi Min Distress Signals 2 | . 1 . . 1 Communications Jammed . | . . . . . Distress Signals . | . . . . . Times Spotted 48 | . 27 2 . 19 Peak Tracking Total 5 | . 5 1 . 5 Tactical Retreats 3 | . . . . 3 Traps | -11 -10 -10 -10 -9 ------- Run | Scr Mat Min Exi Min Traps Triggered 4 | . 4 . . . Indirectly . | . . . . . Trap Hack Attempts . | . . . . . Triggered . | . . . . . Disarmed . | . . . . . Reprogrammed . | . . . . . Reused . | . . . . . Traps Extracted . | . . . . . Installed . | . . . . . Triggered . | . . . . . Machines | -11 -10 -10 -10 -9 ---------- Run | Scr Mat Min Exi Min Machines Disabled 1 | . 1 . . . Max in Single Turn 1 | . 1 . . . Machines Sabotaged . | . . . . . Garrisons Compromised . | . . . . . Overloaded Fab Kills . | . . . . . Fab Network Shutdowns . | . . . . . Hacking | -11 -10 -10 -10 -9 --------- Run | Scr Mat Min Exi Min Machines Accessed 9 | . 7 . 2 . Terminals 4 | . 4 . . . Fabricators . | . . . . . Repair Stations 1 | . 1 . . . Recycling Units 2 | . 2 . . . Scanalyzers . | . . . . . Garrison Access . | . . . . . Total Hacks 21 | . 19 . 2 . Successful 11 | . 9 . 2 . Failed 10 | . 10 . . . Catastrophic . | . . . . . Database Lockouts . | . . . . . Manual 10 | . 9 . 1 . Terminals 10 | . 10 . . . Fabricators . | . . . . . Repair Stations 6 | . 6 . . . Recycling Units 3 | . 3 . . . Scanalyzers . | . . . . . Garrison Access . | . . . . . Terminal Hacks 3 | . 1 . 2 . Record 1 | . . . 1 . Zone Layout 1 | . 1 . . . EX-Prototype ID Bank 1 | . . . 1 . Fabricator Hacks . | . . . . . Repair Station Hacks 4 | . 4 . . . Scan Component 2 | . 2 . . . Repair 2 | . 2 . . . Recycling Unit Hacks . | . . . . . Scanalyzer . | . . . . . Garrison Access Hacks . | . . . . . Unauthorized Hacks 4 | . 4 . . . Terminals 3 | . 3 . . . Track 2 | . 2 . . . Search 1 | . 1 . . . Fabricators . | . . . . . Repair Stations . | . . . . . Recycling Units 1 | . 1 . . . Tunnel 1 | . 1 . . . Scanalyzers . | . . . . . Garrison Access . | . . . . . Data Cores Recovered . | . . . . . Used . | . . . . . Hacking Detections 6 | . 6 . . . Full Trace Events . | . . . . . Feedback Events . | . . . . . Feedback Blocked . | . . . . . Robot Schematics Acquired . | . . . . . Robots Built . | . . . . . Matter . | . . . . . Time . | . . . . . Total Robot Build Rating . | . . . . . Part Schematics Acquired . | . . . . . Parts Built . | . . . . . Matter . | . . . . . Time . | . . . . . Total Part Build Rating . | . . . . . Parts Repaired 2 | . 2 . . . Time 52 | . 52 . . . Parts Recycled . | . . . . . Recycled Matter . | . . . . . Retrieved Matter . | . . . . . Retrieved Components . | . . . . . Parts Scanalyzed . | . . . . . Part Schematics Acquired . | . . . . . Parts Damaged . | . . . . . Bothacking | -11 -10 -10 -10 -9 ------------ Run | Scr Mat Min Exi Min Used RIF Installer . | . . . . . Robots Hacked . | . . . . . Non-combat . | . . . . . Combat . | . . . . . Robot Hacks Applied . | . . . . . Relay Couplers Released . | . . . . . Robots Rewired . | . . . . . Allies Hacked . | . . . . . Hacks Repelled . | . . . . . Allies | -11 -10 -10 -10 -9 -------- Run | Scr Mat Min Exi Min Total Allies 3 | . . . . 3 Largest Group 3 | . . . . 3 Highest-Rated Group 40 | . . . . 40 Highest-Rated Ally 16 | . . . . 16 Total Orders . | . . . . . Ally Attacks 19 | . . . . 19 Total Damage 236 | . . . . 236 Kills 3 | . . . . 3 Allies Corrupted . | . . . . . Allies Melted . | . . . . . Intel | -11 -10 -10 -10 -9 ------- Run | Scr Mat Min Exi Min Robot Analysis Total . | . . . . . Derelict Logs Recovered 1 | . . . . 1 Drone Launches . | . . . . . Drone Recoveries . | . . . . . Exploration | -11 -10 -10 -10 -9 ------------- Run | Scr Mat Min Exi Min Turns Passed 2909 | 15 1023 109 674 1088 Spaces Moved 1405 | 11 597 66 433 298 Core . | . . . . . Treads 402 | . . . 104 298 Legs 1003 | 11 597 66 329 . Wheels . | . . . . . Hover . | . . . . . Flight . | . . . . . Fastest Speed 120 | 120 120 150 150 160 Average Speed 146 | 120 129 150 152 170 Slowest Speed 180 | 120 150 150 160 180 Overloaded Moves . | . . . . . Propulsion Burnouts . | . . . . . Robots Hopped . | . . . . . Cave-ins Triggered . | . . . . . Exploration Rate (%) 47 | 2 88 20 70 56 Regions Visited 4 Branch Regions 3 Pre-discovered Areas 2 | . 1 . 1 . Known Exits Taken . | . . . . . Unknown Exits Taken 4 | 1 1 1 1 . Scrap Searched 2 | . . . . 2 Spaces Dug . | . . . . . Terrain Destroyed 37 | . 17 . . 20 Melee . | . . . . . Projectile . | . . . . . AOE 37 | . 17 . . 20 Actions | -11 -10 -10 -10 -9 --------- Run | Scr Mat Min Exi Min Total 2080 | 11 765 70 451 783 Wait 504 | . 82 . 1 421 Move 1401 | 10 596 65 432 298 Hop . | . . . . . Pick Up 21 | . 14 2 5 . Fast Attach 7 | . 3 . 1 3 Attach 8 | . 4 . 2 2 Detach 2 | . 1 . . 1 Swap 14 | . 11 . 1 2 Drop 21 | . 10 . 9 2 Fire 80 | 1 44 3 . 32 Melee 22 | . . . . 22 Ram . | . . . . . Kick . | . . . . . Crush . | . . . . . Escape Stasis . | . . . . . Rewire . | . . . . . Trap . | . . . . . Miscellaneous . | . . . . . Route ------- -11/Scrapyard -10/Materials (discovered 3 exits: [*Mat x2] / [*Min]) -10/Mines -10/Exiles -9/Mines History --------- Turn | Location | Event 4 | -11/Scrapyard | Discovered new exit (range 3) 16 | -11/Scrapyard | Entered Materials 309 | -10/Materials | Build established: Mutant 313 | -10/Materials | Discovered new exit (range 4) 606 | -10/Materials | Discovered new exit (range 9) 810 | -10/Materials | Repaired Lgt. Assault Rifle 837 | -10/Materials | Repaired Aluminum Leg 844 | -10/Materials | Discovered new exit (range 16) 1039 | -10/Materials | Entered Mines 1047 | -10/Mines | Met a Derelict bent on vengeance 1142 | -10/Mines | Deemed a non-threat by the Exiles lab entrance 1142 | -10/Mines | Discovered new exit (range 5) 1148 | -10/Mines | Entered Exiles 1183 | -10/Exiles | Met 8R-AWN 1211 | -10/Exiles | Met EX-HEX 1280 | -10/Exiles | Met EX-DEC 1309 | -10/Exiles | Learned location of Zion (-7) 1565 | -10/Exiles | Met EX-BIN 1595 | -10/Exiles | Aligned with FarCom system 1596 | -10/Exiles | Given EX-Vault access code 1640 | -10/Exiles | Opened EX-Vault 1656 | -10/Exiles | Found AWS/Autocannon 1666 | -10/Exiles | Found Trap Reconfigurator 1701 | -10/Exiles | Warned to stay clear of 0b10 Research branches 1801 | -10/Exiles | Discovered new exit (range 15) 1822 | -10/Exiles | Stole two prototypes: Trap Reconfigurator, AWS/Autocannon 1822 | -10/Exiles | Entered Mines 2011 | -9/Mines | Assisted by bots powering up and referring to "LRC-V3" 2308 | -9/Mines | Learned Materials emergency access door positions 2326 | -9/Mines | Excavation squad dispatched 2326 | -9/Mines | A large section of the Mines collapsed 2576 | -9/Mines | Excavation squad dispatched 2734 | -9/Mines | Core integrity fell below 50% 2826 | -9/Mines | Excavation squad dispatched 2884 | -9/Mines | Core integrity fell below 20% 2910 | -9/Mines | Destroyed by G-34 Mercenary with Small Laser Last Messages --------------- 02799_ as-09647 destroyed. 02809_ G-34 Mercenary destroyed. 02812_ Acquired 20 matter. 02824_ G-34 Mercenary destroyed. 02825_ Acquired 2 matter. 02826_ ALERT: Derelict activity in mines confirmed. Dispatching additional escorted excavation squad. 02833_ Lgt. Assault Rifle destroyed. 02836_ Acquired 10 matter. 02837_ Acquired 2 matter. 02841_ Lgt. Assault Rifle destroyed. 02843_ Acquired 10 matter. 02846_ System corrupted: Mining Claw targeting data glitched. 02849_ G-47 Trooper destroyed. 02852_ G-34 Mercenary destroyed. 02875_ Lgt. Treads destroyed. 02882_ G-34 Mercenary destroyed. 02885_ Ion Engine ripped off. 02894_ G-34 Mercenary destroyed. 02900_ Lgt. Treads destroyed. Map ----- +----------------------------------------------------+ | ??????# # ##??????????????????????????? | | ??????# #### ## ##?????????????????????????? | | ?????## ##??## ### #?????????????????????????? | | ?????# #???####### ###???????????????????????? | | ?????# #???# #???????????????????????? | | ????## #???# ## #???????????????????????? | | ????# ##??# ##### #???????????????????????? | | ????# #??### ##???# #???????????????????????? | | ????## ##???# #????# #???????????????????????? | | ????## ##??## #????# #???????????????????????? | | ### #???# !#????# #???????????????????????? | | #####!!#????#g######??????????????????? | | !%#????# #??????????????????? | | ###### ### ####????###### #??????????????????? | | ??????## ##?# #????????????# #??????????????????? | | ???????####??# #????????????# #??????????????????? | | ?????????????# #????????????# #??????????????????? | | ????########## #?????????#### ## #???????????????? | | ????# #?????????#g #???????????????? | | ????# ##########?????????# #### ##???????????????? | | ##### #??????????????????# #???##????????????????? | | #??????????????????#/#?????????????????????? | | #######??????????????????#%#?????????????????????? | | ?????????????????####????#t#?????????????????????? | | ????????????????## ######g#?????????????????????? | | ???????????????##; ;=%[=!@!#?????????????????????? | | ??????????????## #####%#?????????????????????? | | ?????????## ###=%% #???#*#?????????????????????? | | ?????????# # = |[% ##???#=#?????????????????????? | | ????????# # %! != #???? ?????????????????????? | | ????????# # #| ##???? ?????????????????????? | | ????????# # ######????? ?????????????????????? | | ????????# # ##???????"""?????????????????????? | | ????????## ##??????? """ ????????????????????? | | ?????????######????????? """g????????????????????? | | ???????????????????????? ????????????????????? | | ????????????????????????#???#????????????????????? | | ?????????????????????????????????????????????????? | | ?????????????????????????????????????????????????? | | ?????????????????????????????????????????????????? | | ?????????????????????????????????????????????????? | | ?????????????????????????????????????????????????? | | ?????????????????????????????????????????????????? | | ?????????????????????????????????????????????????? | | ?????????????????????????????????????????????????? | | ?????????????????????????????????????????????????? | | ?????????????????????????????????????????????????? | | ?????????????????????????????????????????????????? | | ?????????????????????????????????????????????????? | | | +----------------------------------------------------+ Best States ------------- Heat Dissipation 25 Energy Generation 10 Energy Capacity 250 Matter Stores 300 Matter Capacity 300 Sight Range 16 Terrain Scan Density 10 Evasion (%) 40 Recoil Reduction 2 Item Schematics ----------------- None Robot Schematics ------------------ None Fabricated ------------ Nothing Alien Tech Used ----------------- None Achievements -------------- None Challenges ------------ None Game ------ Seed RecoilImprovedComputer Manual? 0 Play Time 00:16:27 Cumulative 205.6 hours Start 2020.09.03 @ 16:34:08 End 2020.09.03 @ 16:47:07 Sessions 1 Manual Loads 0 Difficulty Rogue Special Mode None Game No. 94 Rogue 94 Adventurer 0 Explorer 0 Win Type - Total 7 Types 6/0/0/1/0/0/0 Lore% 81 Gallery% 77 Achievement% 67 Wizard Run 0 Options --------- ASCII 1 Keyboard 0 Movement Numpad Keybinds 0 Fullscreen 1 Font 18/Cog Map View 76x50 Tactical HUD 1 Map Filters NONE Filters NONE Steam 1 RUN: cf086b05-8169-4cb8-833c-84bcc93c08e6